 Dungeon Crawl Stone Soup version 0.22.1-1-ga44c0e5 (webtiles) character file.

147876 MTVSty1e the Severer (level 17, -3/113 HPs)
             Began as a Gargoyle Fighter on Oct 21, 2018.
             Was the Champion of Okawaru.
             Slain by a tarantella (9 damage)
             ... on level 2 of the Spider Nest.
             The game lasted 01:03:18 (30296 turns).

MTVSty1e the Severer (Gargoyle Fighter)            Turns: 30296, Time: 01:03:19

Health: -3/113     AC: 23    Str: 33    XL:     17   Next: 47%
Magic:  22/28      EV:  6    Int:  8    God:    Okawaru [******]
Gold:   1873       SH:  0    Dex:  9    Spells: 16/16 levels left

rFire    . . .     SeeInvis +   z - +6 broad axe (vamp)
rCold    . . .     Gourm    .   g - +0 large shield
rNeg     + . .     Faith    .   h - +7 plate armour "Xiru" {MR+ Str+2}
rPois    ∞         Spirit   .   T - +0 hat {MR+}
rElec    +         Reflect  .   I - scarf {repulsion}
rCorr    .         Harm     .   L - +0 pair of gloves "Vebuilog" {Str+3}
MR       +++..                  V - +0 pair of boots {Stlth+}
Stlth    ..........             a - amulet of regeneration
HPRegen  0.68/turn              u - +1 ring of slaying
MPRegen  0.21/turn              X - ring of see invisible

@: confused, corroded, slowed, studying Armour, repel missiles, very slow
A: big wings, icy blue scales 1, deformed body, negative energy resistance 1,
electricity resistance, unbreathing, petrification resistance, rot immunity,
subdued magic 1, AC +12
a: Fly, Heroism, Finesse, Renounce Religion


You were on level 2 of the Spider Nest.
You worshipped Okawaru.
Okawaru was exalted by your worship.
You were not hungry.

You visited 5 branches of the dungeon, and saw 26 of its levels.
You also visited: Ice Cave.

You collected 2965 gold pieces.
You spent 1092 gold pieces at shops.

Inventory:

Hand Weapons
 t - a +1 broad axe
 z - a +6 vampiric broad axe (weapon)
 E - a +0 scimitar of flaming
 H - the +3 hand axe "Lyovul" {antimagic, *Rage rElec rF+ rC+, unknown}
   (Okawaru gifted it to you on level 2 of the Spider Nest)

   It reduces the magical energy of the wielder, and disrupts the spells and
   magical abilities of those hit.
   Natural abilities and divine invocations are not affected.
   It protects you from fire.
   It protects you from cold.
   It insulates you from electricity.
   It may make you go berserk in combat.
Armour
 c - a +0 shield
 g - a +0 large shield (worn)
 h - the +7 plate armour "Xiru" (worn) {MR+ Str+2}
   (You bought it in a shop on level 2 of the Orcish Mines)

   It affects your strength (+2).
   It affects your resistance to hostile enchantments.
 I - a scarf of repulsion (worn)
 L - the +0 pair of gloves "Vebuilog" (worn) {Str+3}
   (Okawaru gifted it to you in an ice cave)

   It affects your strength (+3).
 T - a +0 hat of magic resistance (worn)
 V - a +0 pair of boots of stealth (worn)
Jewellery
 a - an amulet of regeneration (around neck)
 n - an uncursed amulet of guardian spirit {unknown}
 s - an uncursed amulet of the acrobat
 u - a +1 ring of slaying (left hand)
 y - an uncursed ring of protection from cold
 W - an uncursed ring of positive energy
 X - a ring of see invisible (right hand)
 Z - an uncursed ring of fire
Wands
 d - a wand of polymorph (19)
 i - a wand of iceblast (19)
 j - a wand of digging (38)
 B - a wand of acid (18)
 C - a wand of clouds (8)
 D - a wand of flame (59)
 N - a wand of disintegration (34)
 P - a wand of paralysis (62)
 Q - a wand of enslavement (12)
Scrolls
 b - 5 scrolls of blinking
 l - 7 scrolls of immolation
 m - 3 scrolls of magic mapping
 p - 12 scrolls of remove curse
 F - 5 scrolls of amnesia
 G - 6 scrolls of fog
 J - 7 scrolls of teleportation
 K - 2 scrolls of holy word
Potions
 e - 4 potions of invisibility
 k - 5 potions of ambrosia
 q - 4 potions of lignification
 r - 2 potions of brilliance
 v - 13 potions of curing
 w - 4 potions of magic
 x - 3 potions of resistance
 A - 2 potions of agility
 O - a potion of cancellation {unknown}
 S - a potion of haste {unknown}
 U - 3 potions of berserk rage
Books
 M - a manual of Armour
Comestibles
 f - 28 rations


   Skills:
 + Level 15.0 Fighting
 * Level 17.2 Axes
 + Level 13.0 Armour
 + Level 11.6 Shields
 * Level 14.8 Invocations


You had 16 spell levels left.
You didn't know any spells.
Your spell library contained the following spells:

 Spells                   Type           Power        Failure   Level  Hunger
 Confusing Touch          Hex            #.....       100%        1    ##.....
 Magic Dart               Conj           #...         100%        1    ##.....
 Shock                    Conj/Air       #...         100%        1    ##.....
 Passwall                 Tmut/Erth      #.......     100%        2    ###....
 Searing Ray              Conj           #.....       100%        2    ###....
 Song of Slaying          Chrm           #.......     100%        2    ###....
 Swiftness                Chrm/Air       #.......     100%        2    ###....
 Confuse                  Hex            #.......     100%        3    ####...
 Dazzling Spray           Conj/Hex       #.....       100%        3    ####...
 Gell's Gravitas          Tloc           #.........   100%        3    ####...
 Ignite Poison            Fire/Tmut/Pois #.......     100%        3    ####...
 Ozocubu's Armour         Chrm/Ice       #.......     100%        3    ####...
 Regeneration             Chrm/Necr      #.........   100%        3    ####...
 Spider Form              Tmut/Pois      #.........   100%        3    ####...
 Static Discharge         Conj/Air       #.......     100%        3    ####...
 Airstrike                Air            #.........   100%        4    #####..
 Cause Fear               Hex            #.........   100%        4    #####..
 Force Lance              Conj/Tloc      #.......     100%        4    #####..
 Fulminant Prism          Conj/Hex       #.........   100%        4    #####..
 Iskenderun's Mystic Bla  Conj           #.......     100%        4    #####..
 Passage of Golubria      Tloc           N/A          100%        4    #####..
 Petrify                  Tmut/Erth      #.......     100%        4    #####..
 Alistair's Intoxication  Tmut/Pois      #.......     100%        5    ######.
 Irradiate                Conj/Tmut      #.........   100%        5    ######.
 Lee's Rapid Deconstruct  Erth           #.........   100%        5    ######.
 Lightning Bolt           Conj/Air       #.........   100%        5    ######.
 Metabolic Englaciation   Hex/Ice        #.........   100%        5    ######.
 Silence                  Hex/Air        #.........   100%        5    ######.
 Yara's Violent Unravell  Hex/Tmut       #.........   100%        5    ######.
 Darkness                 Hex            #.........   100%        6    #######
 Deflect Missiles         Chrm/Air       #.........   100%        6    #######
 Hydra Form               Tmut           #.........   100%        6    #######
 Invisibility             Hex            #.......     100%        6    #######
 Dragon Form              Tmut           #.........   100%        7    #######
 Discord                  Hex            #.........   100%        8    #######
 Sublimation of Blood     Necr           Unusable     N/A         2    N/A
 Statue Form              Tmut/Erth      Unusable     N/A         6    N/A

Dungeon Overview and Level Annotations

Branches:
Dungeon (15/15)            Temple (1/1) D:7            Lair (6/6) D:10
  Swamp (0/4) Lair:2       Spider (2/4) Lair:3        Slime (0/5) Lair:5
    Orc (2/2) D:11            Elf (0/3) Orc:2        Vaults (0/5) D:13
 Depths (0/5) D:15

Altars:
Ashenzari
Dithmenos
Elyvilon
Fedhas
Okawaru
Qazlal
Ru
Trog
Vehumet
Beogh
Jiyva

Shops:
D:9 ?   Orc:2 ([*:


Innate Abilities, Weirdness & Mutations

You are resistant to torment.
Your stone body is resilient. (AC +12)
You are immune to poison.
Your large and strong wings let you fly indefinitely.
You resist negative energy. (rN+)
You are resistant to electric shocks. (rElec)
You can survive without breathing.
You are immune to petrification.
You are immune to rotting.
You are partially covered in icy blue scales. (AC +2)
Armour fits poorly on your strangely shaped body.
Your spells are a little easier to cast, but a little less powerful.


Message History

The redback bites you but does no damage.
The entropy weaver hits you but does no damage. x2
The entropy weaver hits you.
* * * LOW HITPOINT WARNING * * *
The entropy weaver hits you but does no damage.
The wolf spider hits you but does no damage.
The wolf spider bites you but does no damage.
The tarantella bites you but does no damage.
The jumping spider leaps!
The redback barely misses you.
The entropy weaver hits you but does no damage. x2
The entropy weaver hits you.
* * * LOW HITPOINT WARNING * * *
The entropy weaver hits you but does no damage.
The tarantella bites you but does no damage.
The wolf spider hits you!
* * * LOW HITPOINT WARNING * * *
The wolf spider bites you but does no damage.
The redback bites you but does no damage.
The tarantella bites you!
You die...

..#.......$......
.................
..........%...........
.s^.....#..............%
........#................
..^.^...........†..s.....
...^..#.........w†.......
.##............ass.......
.#....$(.......†@s.......
#..............†.§.......
#.......††...............
..†........†.....).......
......†.†................
.........................
.....(...................
.......................s
.......................


You could see an entropy weaver, a torpor snail, a wolf spider, an orb spider, a
jumping spider, a tarantella and a redback.

Vanquished Creatures
  Saint Roka (Orc:2)
  Rupert (Lair:6)
  Gastronok (Lair:1)
  A ghost moth (Spider:2)
  A frost giant (IceCv)
  2 orc warlords
  7 entropy weavers
  Nessos (D:15)
  A stone giant (Orc:2)
  An ettin (D:15)
  Fannar (D:11)
  9 hydras
  4 ghost crabs (Lair:3)
  A catoblepas (Lair:5)
  Erica (D:8)
  5 two-headed ogres
  2 centaur warriors (D:15)
  A death knight (D:13)
  2 death yaks
  A tengu warrior (D:15)
  Nergalle (Orc:2)
  A deep elf knight (D:15)
  An orc high priest (Orc:2)
  Urug (Orc:1)
  5 fire crabs (Lair:3)
  A deep elf archer (D:15)
  A lindwurm (Lair:5)
  16 ugly things
  6 orb spiders
  16 wolf spiders
  5 orc knights
  A cyclops (shapeshifter) (D:13)
  3 cyclopes
  2 orc sorcerers
  A salamander (shapeshifter) (D:13)
  2 centaur zombies
  A guardian serpent (Lair:6)
  5 elephants
  8 manticores
  An apocalypse crab (Lair:3)
  10 black mambas
  An ice statue (IceCv)
  4 torpor snails
  11 spiny frogs
  A gargoyle (D:11)
  A kobold demonologist (D:10)
  5 demonic crawlers
  5 komodo dragons
  A freezing wraith (D:13)
  A merfolk (D:9)
  8 trolls
  5 hornets
  34 polar bears
  11 slime creatures
  10 jumping spiders
  19 blink frogs
  A raiju (Lair:6)
  10 hippogriffs
  8 dream sheep
  A spriggan (Lair:4)
  33 redbacks
  19 tarantellas
  10 wyverns
  61 yaks
  A shadow (D:15)
  A vampire (D:12)
  A spriggan (shapeshifter) (D:13)
  5 wraiths
  A golden eye (shapeshifter) (D:15)
  A hungry ghost (D:12)
  Grum (D:9)
  3 basilisks
  5 vampire mosquitoes
  A swamp worm (Lair:2)
  8 wargs
  An acid dragon (shapeshifter) (D:13)
  20 water moccasins
  A soldier ant (D:13)
  7 porcupines
  A swamp drake (D:11)
  16 hell hounds (Lair:6)
  31 orc warriors
  6 sky beasts
  21 black bears
  9 ice beasts
  2 phantoms
  3 necrophages
  2 eyes of draining
  25 wolves
  15 ogres
  The ghost of Harpaggios the Gusty, an amateur DrAE (D:3)
  7 centaurs
  11 crocodiles
  A wyvern zombie (D:10)
  26 bullfrogs
  9 scorpions
  19 wights
  4 electric eels
  6 howler monkeys
  6 crimson imps
  2 bullfrog zombies
  3 jellies
  5 quasits
  6 hounds
  5 centaur skeletons
  31 orc wizards
  18 orc priests
  6 bullfrog skeletons
  Jessica (D:2)
  6 iguanas
  Natasha (thrice) (D:2)
  7 worker ants
  A hound zombie (D:10)
  A hound skeleton (D:5)
  Robin (D:2)
  10 gnolls
  A howler monkey skeleton (D:6)
  10 adders
  3 shadow imps
  An ooze (D:1)
  An adder zombie (D:8)
  3 worms
  2 dart slugs (D:2)
  7 leopard geckos
  73 orcs
  10 bats
  4 giant cockroaches
  15 goblins
  14 hobgoblins
  14 jackals
  9 kobolds
  4 quokkas
  3 ball pythons
  9 frilled lizards
  A jackal skeleton (D:6)
  9 rats
  5 fungi
  2 plants
976 creatures vanquished.

Vanquished Creatures (others)
  A tarantella (Spider:2)
  12 fungi (Lair:6)
  31 plants
44 creatures vanquished.

Grand Total: 1020 creatures vanquished

Notes
Turn   | Place    | Note
-------+----------+-------------------------------------------
     0 | D:1      | MTVSty1e the Gargoyle Fighter began the quest for the Orb.
     0 | D:1      | Reached XP level 1. HP: 14/14 MP: 1/1
    40 | D:1      | Reached skill level 2 in Axes
   112 | D:1      | Reached XP level 2. HP: 19/19 MP: 2/2
   410 | D:1      | Reached XP level 3. HP: 24/24 MP: 3/3
   800 | D:2      | Noticed Natasha
   810 | D:2      | Killed Natasha
   810 | D:2      | Reached skill level 3 in Axes
   811 | D:2      | Reached XP level 4. HP: 21/29 MP: 4/4
   832 | D:2      | Noticed Natasha
   840 | D:2      | Killed Natasha
   863 | D:2      | Noticed Natasha
   872 | D:2      | Killed Natasha
   884 | D:2      | Noticed Jessica
   895 | D:2      | Killed Jessica
   895 | D:2      | Reached skill level 4 in Axes
   895 | D:2      | Reached XP level 5. HP: 13/34 MP: 5/5
  1452 | D:2      | Noticed Robin
  1459 | D:2      | Killed Robin
  1972 | D:3      | Reached XP level 6. HP: 40/40 MP: 6/6
  1978 | D:3      | Found a transporter.
  2043 | D:3      | Found a transporter.
  2047 | D:3      | Noticed Harpaggios's ghost (amateur DrAE)
  2306 | D:3      | Reached skill level 5 in Fighting
  2510 | D:3      | Reached skill level 5 in Axes
  2634 | D:3      | Killed Harpaggios's ghost
  2634 | D:3      | Reached XP level 7. HP: 43/44 MP: 7/7
  2783 | D:4      | Reached skill level 6 in Axes
  3209 | D:4      | Reached XP level 8. HP: 45/52 MP: 8/8
  3450 | D:4      | Found a stormy altar of Qazlal.
  3767 | D:4      | Reached skill level 7 in Axes
  4071 | D:5      | Entered Level 5 of the Dungeon
  4092 | D:5      | Noticed a hippogriff
  4102 | D:5      | Killed a hippogriff
  4667 | D:6      | Reached skill level 8 in Axes
  4785 | D:6      | Reached XP level 9. HP: 54/58 MP: 9/9
  5060 | D:6      | Reached skill level 9 in Axes
  5600 | D:7      | Found a staircase to the Ecumenical Temple.
  5605 | Temple   | Entered the Ecumenical Temple
  5610 | Temple   | Became a worshipper of Warmaster Okawaru
  5665 | D:7      | Reached skill level 10 in Axes
  5777 | D:7      | Found a white marble altar of Elyvilon.
  6238 | D:8      | Reached * piety under Okawaru
  6238 | D:8      | Reached XP level 10. HP: 66/66 MP: 10/10
  6502 | D:8      | Noticed Erica
  6531 | D:8      | Killed Erica
  6531 | D:8      | Reached ** piety under Okawaru
  6531 | D:8      | Reached skill level 10 in Fighting
  6531 | D:8      | Reached skill level 11 in Axes
  6934 | D:9      | Noticed Grum
  6939 | D:9      | Reached *** piety under Okawaru
  6950 | D:9      | Killed Grum
  6969 | D:9      | Reached skill level 12 in Axes
  7038 | D:9      | Found Vaij's Magic Scroll Shop.
  7122 | D:9      | Reached XP level 11. HP: 58/73 MP: 11/11
  7543 | D:10     | Entered Level 10 of the Dungeon
  7675 | D:10     | Noticed a soul eater
  7698 | D:10     | Reached **** piety under Okawaru
  7948 | D:11     | Noticed a two-headed ogre
  7959 | D:11     | Killed a two-headed ogre
  7959 | D:11     | Reached skill level 1 in Invocations
  8227 | D:11     | Noticed Fannar
  8233 | D:11     | Noticed a four-headed hydra
  8243 | D:11     | Killed a one-headed hydra
  8243 | D:11     | Reached ***** piety under Okawaru
  8243 | D:11     | Reached skill level 13 in Axes
  8257 | D:11     | Killed Fannar
  8708 | D:11     | Noticed a red ugly thing
  8715 | D:11     | Killed a red ugly thing
  8735 | D:11     | Gained mutation: You possess an exceptional clarity of
                  | mind. [potion of mutation]
  8735 | D:11     | Gained mutation: Your mind is acute. (Int +2) [potion of
                  | mutation]
  8735 | D:11     | Gained mutation: Your spells are a little harder to cast,
                  | but a little more powerful. [potion of mutation]
  8736 | D:11     | Lost mutation: Your mind is acute. (Int +2) [potion of
                  | mutation]
  8736 | D:11     | Lost mutation: You possess an exceptional clarity of mind.
                  | [potion of mutation]
  8736 | D:11     | Lost mutation: Your spells are a little harder to cast, but
                  | a little more powerful. [potion of mutation]
  8736 | D:11     | Gained mutation: You passively map a small area around you.
                  | [potion of mutation]
  8736 | D:11     | Gained mutation: You have a pair of small horns on your
                  | head. [potion of mutation]
  8829 | D:11     | Noticed a cyclops
  8836 | D:11     | Killed a cyclops
  8836 | D:11     | Received a gift from Okawaru
  8836 | D:11     | Reached XP level 12. HP: 53/80 MP: 15/15
  8981 | D:11     | Found a staircase to the Orcish Mines.
  9984 | D:10     | Found a staircase to the Lair.
  9984 | D:10     | Noticed a two-headed ogre
  9989 | D:10     | Killed a two-headed ogre
 10149 | D:10     | Found a huge runed gate.
 10149 | D:10     | Found a huge runed gate.
 10149 | D:10     | Found a huge runed gate.
 10151 | D:10     | Found a huge runed gate.
 10197 | D:10     | Reached skill level 5 in Invocations
 10220 | D:10     | Reached skill level 5 in Armour
 10323 | D:10     | Reached skill level 5 in Shields
 10699 | Lair:1   | Entered Level 1 of the Lair of Beasts
 10742 | Lair:1   | Noticed a six-headed hydra
 10756 | Lair:1   | Killed a one-headed hydra
 10956 | Lair:1   | Found a frozen archway.
 10992 | IceCv    | Entered an ice cave
 11667 | IceCv    | Noticed a death yak
 11677 | IceCv    | Killed a death yak
 11677 | IceCv    | Reached ****** piety under Okawaru
 11677 | IceCv    | Received a gift from Okawaru
 11680 | IceCv    | Reached XP level 13. HP: 48/86 MP: 16/18
 11683 | IceCv    | Got a pair of encrusted gloves {god gift}
 11689 | IceCv    | Identified the +0 pair of gloves "Vebuilog" {Str+3}
                  | (Okawaru gifted it to you in an ice cave)
 11759 | IceCv    | Reached skill level 14 in Axes
 12099 | IceCv    | Noticed a frost giant
 12130 | IceCv    | Killed a frost giant
 13964 | Lair:1   | Noticed Gastronok
 13977 | Lair:1   | Killed Gastronok
 15479 | Lair:2   | Found a staircase to the Swamp.
 15504 | Lair:2   | Received a gift from Okawaru
 16117 | Lair:3   | Found a runed door.
 16582 | Lair:3   | Found a hole to the Spider Nest.
 16814 | Lair:3   | Gained mutation: Your large and strong wings let you fly
                  | indefinitely. [Gargoyle growth]
 16814 | Lair:3   | Reached XP level 14. HP: 24/92 MP: 21/21
 17096 | Lair:3   | Noticed an entropy weaver
 17863 | Lair:3   | Killed an entropy weaver
 17863 | Lair:3   | Reached skill level 10 in Invocations
 17915 | Lair:3   | Noticed an entropy weaver
 17932 | Lair:3   | Killed an entropy weaver
 18409 | Lair:3   | Noticed an entropy weaver
 18423 | Lair:3   | Killed an entropy weaver
 18698 | Lair:3   | Noticed an entropy weaver
 18707 | Lair:3   | Killed an entropy weaver
 18707 | Lair:3   | Reached skill level 15 in Axes
 18740 | Lair:3   | Got a smoking helmet
 18749 | Lair:3   | Identified the cursed +0 helmet of the Moon {-Tele +Fly MR+
                  | Str+4} (You found it on level 3 of the Lair of Beasts)
 19387 | Lair:4   | Received a gift from Okawaru
 20191 | Lair:5   | Identified the Compendium of Helpful Moulding
 20495 | Lair:5   | Found a viscous altar of Jiyva.
 20495 | Lair:5   | Found a staircase to the Slime Pits.
 20945 | Lair:6   | Entered Level 6 of the Lair of Beasts
 21125 | Lair:6   | Reached XP level 15. HP: 94/99 MP: 23/23
 21443 | Lair:6   | Received a gift from Okawaru
 21586 | Lair:6   | Received a gift from Okawaru
 22081 | Lair:6   | Noticed Rupert
 22324 | Lair:6   | Killed Rupert
 22404 | Lair:6   | Received a gift from Okawaru
 23061 | D:12     | Reached skill level 10 in Shields
 23098 | D:12     | Reached skill level 16 in Axes
 23133 | D:12     | Reached skill level 10 in Armour
 23908 | D:12     | You fall through a shaft for 2 floors!
 24146 | D:14     | Found a blossoming altar of Fedhas.
 24752 | D:14     | Reached XP level 16. HP: 106/106 MP: 25/25
 24867 | D:13     | Received a gift from Okawaru
 24952 | D:13     | Found a gate to the Vaults.
 25014 | D:13     | Received a gift from Okawaru
 25608 | D:15     | Entered Level 15 of the Dungeon
 26033 | D:15     | Found a staircase to the Depths.
 26274 | D:15     | Noticed Nessos
 26297 | D:15     | Killed Nessos
 26324 | D:15     | Found a shadowy altar of Dithmenos.
 26790 | Orc:1    | Entered Level 1 of the Orcish Mines
 26790 | Orc:1    | Noticed Urug
 26798 | Orc:1    | Killed Urug
 26811 | Orc:1    | Received a gift from Okawaru
 27258 | Orc:2    | Entered Level 2 of the Orcish Mines
 27302 | Orc:2    | Found a staircase to the Elven Halls.
 27535 | Orc:2    | Noticed Saint Roka
 27716 | Orc:1    | Lost mutation: You passively map a small area around you.
                  | [potion of mutation]
 27716 | Orc:1    | Lost mutation: You have a pair of small horns on your head.
                  | [potion of mutation]
 27716 | Orc:1    | Gained mutation: Armour fits poorly on your strangely
                  | shaped body. [potion of mutation]
 27716 | Orc:1    | Gained mutation: Your spells are a little easier to cast,
                  | but a little less powerful. [potion of mutation]
 27716 | Orc:1    | Gained mutation: You are partially covered in icy blue
                  | scales. (AC +2) [potion of mutation]
 28072 | Orc:2    | Killed Saint Roka
 28105 | Orc:2    | Found a roughly hewn altar of Beogh.
 28110 | Orc:2    | Noticed Nergalle
 28124 | Orc:2    | Killed Nergalle
 28126 | Orc:2    | Received a gift from Okawaru
 28141 | Orc:2    | Found Naluhy's General Store.
 28217 | Orc:2    | Found Huto Ruu's Book Shoppe.
 28249 | Orc:2    | Found Uwaf's Antique Weapon Shoppe.
 28352 | Orc:2    | Found a bloodstained altar of Trog.
 28539 | Orc:2    | Found Tuachong's Antique Armour Shoppe.
 28546 | Orc:2    | Bought an ancient plate armour for 1092 gold pieces
 28546 | Orc:2    | Identified the +7 plate armour "Xiru" {MR+ Str+2} (You
                  | bought it in a shop on level 2 of the Orcish Mines)
 29127 | Spider:1 | Entered Level 1 of the Spider Nest
 29150 | Spider:1 | Reached XP level 17. HP: 103/112 MP: 27/27
 29343 | Spider:1 | Reached skill level 17 in Axes
 30174 | Spider:2 | Reached skill level 15 in Fighting
 30271 | Spider:2 | Received a gift from Okawaru
 30287 | Spider:2 | Got a scorched hand axe {god gift}
 30295 | Spider:2 | HP: 5/113 [wolf spider (10)]
 30296 | Spider:2 | Slain by a tarantella

Skill      XL: |  1  2  3  4  5  6  7  8  9 10 11 12 13 14 15 16 17 |
---------------+----------------------------------------------------+-----
Axes           | 2 3 4 5 6 8 10 12 13 14 15 16 17 | 17.2
Fighting       | 4 5 6 7 9 10 11 12 13 14 15 | 15.0
Invocations    | 4 7 9 11 12 14 | 14.8
Armour         | 4 6 7 9 10 12 13 | 13.0
Shields        | 4 6 7 9 10 11 | 11.6

Action                   |  1- 3 |  4- 6 |  7- 9 | 10-12 | 13-15 | 16-18 || total
-------------------------+-------+-------+-------+-------+-------+-------++-------
Melee: War axe           |   101 |   182 |       |   412 |   651 |       ||  1346
       Hand axe          |       |    77 |   344 |   122 |       |       ||   543
       Scimitar          |       |       |       |    23 |    33 |       ||    56
       Headbutt          |       |       |       |    63 |   271 |    91 ||   425
       Broad axe         |       |       |       |       |   393 |   743 ||  1136
Invok: Heroism           |       |       |       |     5 |    14 |     3 ||    22
       Finesse           |       |       |       |       |     2 |     1 ||     3
 Abil: Fly               |       |       |       |       |       |     2 ||     2
       Stop Flying       |       |       |       |       |       |     2 ||     2
Evoke: Wand              |       |       |       |       |     4 |       ||     4
  Use: Potion            |       |     1 |       |     6 |     5 |     5 ||    17
       Scroll            |       |     3 |     3 |    14 |     9 |     6 ||    35
 Stab: Distracted        |       |       |       |     1 |     1 |       ||     2
       Held in net/web   |       |       |       |       |       |     1 ||     1
  Eat: Ration            |       |     1 |     3 |     5 |    13 |     6 ||    28
       Chunk             |       |     3 |     3 |       |     5 |     1 ||    12
Armor: Scale mail        |    35 |       |       |       |       |       ||    35
       Plate armour      |    52 |   222 |   188 |   382 |   786 |   549 ||  2179
       Skin              |       |     3 |       |       |       |       ||     3
Dodge: Dodged            |    30 |    74 |    54 |   122 |   353 |   257 ||   890
       Deflected         |       |       |       |       |       |    14 ||    14
Block: Shield            |    61 |   160 |   139 |   300 |   688 |   425 ||  1773
       Large shield      |       |       |       |       |       |   169 ||   169
       Rpst.: Scimitar   |       |       |       |     2 |     2 |       ||     4
